 Dungeon Crawl Stone Soup version 0.29.1-15-g9cfb28693d (webtiles) character file.

Game seed: 1792777393116274728

65064 safid the Gelid (level 15, -1/120 HPs)
             Began as a Merfolk Ice Elementalist on Apr 7, 2023.
             Was a High Priest of Vehumet.
             Succumbed to an emperor scorpion's poison
             ... on level 1 of the Spider Nest on Apr 10, 2023.
             The game lasted 01:13:18 (31144 turns).

safid the Gelid (Merfolk Ice Elementalist)         Turns: 31144, Time: 01:13:19

Health: -1/120     AC: 13    Str:  9    XL:     15   Next: 15%
Magic:  2/31       EV: 15    Int: 20    God:    Vehumet [*****.]
Gold:   640        SH:  8    Dex: 23    Spells: 4/38 levels left

rFire   + . .      SeeInvis +   p - +4 scimitar (vorpal)
rCold   + . .      Faith    .   (no shield)
rNeg    + . .      Spirit   +   I - +1 robe {rC+}
rPois   +          Reflect  .   J - +2 helmet {SInv}
rElec   +          Harm     .   w - +2 cloak of the Barnacle {rElec rPois Dex+4}
rCorr   .          Rampage  .   K - +1 pair of gloves {Dex+3}
Will    +....                   o - +1 pair of boots
Stlth   +++.......              D - brooch of Shielding {Spirit SH+8}
HPRegen 0.30/turn               y - ring of positive energy
MPRegen 0.22/turn               m - ring of protection from fire

@: lethally poisoned (-1 -> -14), studying Stealth
A: (nimble swimmer 2), mertail
a: Renounce Religion


You were on level 1 of the Spider Nest.
You worshipped Vehumet.
Vehumet was extremely pleased with you.
You visited 6 branches of the dungeon, and saw 23 of its levels.

You collected 1424 gold pieces.
You spent 784 gold pieces at shops.

Inventory:

Hand Weapons
 p - a +4 vorpal scimitar (weapon)
Armour
 b - the +0 robe of True Grit {rElec}
   (You bought it in a shop on level 2 of the Orcish Mines)

   rElec:     It insulates you from electricity.
 o - a +1 pair of boots (worn)
 w - the +2 cloak of the Barnacle (worn) {rElec rPois Dex+4}
   (You found it on level 4 of the Dungeon)

   Dex:       It affects your dexterity (+4).
   rElec:     It insulates you from electricity.
   rPois:     It protects you from poison.
 I - a +1 robe of cold resistance (worn)
 J - a +2 helmet of see invisible (worn)
 K - a +1 pair of gloves of dexterity (worn)
Jewellery
 g - a ring of ice
 m - a ring of protection from fire (right hand)
 s - a ring of see invisible
 u - a ring of poison resistance
 y - a ring of positive energy (left hand)
 D - the brooch of Shielding (around neck) {Spirit SH+8}
   (You found it on level 1 of the Shoals)

   [amulet of guardian spirit]

   It causes incoming damage to be divided between your reserves of health and
   magic.
   SH:        It affects your SH (+8).
 E - a ring of wizardry
Wands
 d - a wand of polymorph (6)
 n - a wand of light (17)
 B - a wand of iceblast (10)
 C - a wand of flame (15)
Scrolls
 a - a scroll of brand weapon
 c - 5 scrolls of magic mapping
 l - 3 scrolls of identify
 q - 3 scrolls of enchant weapon
 r - 3 scrolls of amnesia
 z - a scroll of fog
 A - 6 scrolls of teleportation
 G - a scroll of poison
Potions
 e - 8 potions of lignification
 h - 4 potions of brilliance
 i - 6 potions of might
 k - 4 potions of flight
 t - 3 potions of resistance
 v - 3 potions of invisibility
 x - 4 potions of mutation
 H - 2 potions of haste


   Skills:
 - Level 12.0 Fighting
 - Level 4.0 Dodging
 - Level 2.1 Stealth
 - Level 12.0 Spellcasting
 - Level 8.0 Transmutations
 - Level 2.0 Fire Magic
 + Level 17.8 Ice Magic
 - Level 12.0 Poison Magic


You had 4 spell levels left.
You knew the following spells:

 Your Spells              Type           Power      Damage    Failure   Level
a - Ozocubu's Refrigerat  Ice            35%        4d15      1%          7
b - Frozen Ramparts       Ice            100%       1d16      0%          3
c - Ozocubu's Armour      Ice            70%        N/A       0%          3
d - Hailstorm             Conj/Ice       47%        3d11      1%          4
e - Olgreb's Toxic Radia  Pois           56%        N/A       1%          4
f - Ignite Poison         Fire/Tmut/Pois 41%        N/A       1%          3
g - Freeze                Ice            100%       1d11      0%          1
h - Polar Vortex          Ice            35%        N/A       65%         9

Your spell library contained the following spells:

 Spells                   Type           Power      Damage    Failure   Level
 Iskenderun's Mystic Bla  Conj/Tloc      12%        2d5       16%         4
 Foxfire                  Conj/Fire      64%        2x1d7     1%          1
 Ice Form                 Ice/Tmut       59%        N/A       1%          4
 Summon Ice Beast         Ice/Summ       47%        N/A       1%          4
 Conjure Flame            Conj/Fire      16%        6-21      3%          3
 Inner Flame              Hex/Fire       16%        N/A       3%          3
 Apportation              Tloc           24%        N/A       5%          1
 Necrotise                Necr           48%        1d6       5%          1
 Summon Small Mammal      Summ           48%        N/A       5%          1
 Flame Wave               Conj/Fire      16%        2d7       11%         4
 Sticky Flame             Conj/Fire      16%        2d4       11%         4
 Gell's Gravitas          Tloc           12%        N/A       17%         3
 Lesser Beckoning         Tloc           12%        N/A       17%         3
 Teleport Other           Tloc           12%        N/A       17%         3
 Freezing Cloud           Conj/Ice/Air   17%        6-21      4%          5
 Simulacrum               Ice/Necr       23%        N/A       22%         6


Dungeon Overview and Level Annotations

Branches:
Dungeon (12/15)            Temple (1/1) D:4            Lair (5/5) D:10
 Shoals (2/4) Lair:2       Spider (1/4) Lair:3          Orc (2/2) D:10
    Elf (0/3) Orc:2
  Slime: Lair:4-5

Altars:
Ashenzari
Cheibriados
Dithmenos
Elyvilon
Fedhas
Gozag
Hepliaklqana
Makhleb
Nemelex Xobeh
Okawaru
Qazlal
Ru
Sif Muna
Uskayaw
Vehumet
Wu Jian
Yredelemnul
Zin
The Shining One

Shops:
D:3 *   Orc:2 ![*

Portals:
Pandemonium: Orc:2

Annotations:
D:2 1 runed translucent door, Crazy Yiuf
Temple 2 transporters


Innate Abilities, Weirdness & Mutations

((You are very nimble when in or above water. (Stealth+, EV+, Speed+++)))
Your lower body shifts to a powerful aquatic tail in water.


Message History

You feel very sick. The emperor scorpion stings you!
* * * LOW HITPOINT WARNING * * *
The emperor scorpion claws you but does no damage. x2
You block the emperor scorpion's attack.
The emperor scorpion claws you but does no damage. x2
Unknown command.
Unknown command.
You feel protected.
* * * LOW HITPOINT WARNING * * *
You feel very sick.
The emperor scorpion stings you but does no damage.
The emperor scorpion claws you.
* * * LOW HITPOINT WARNING * * *
The emperor scorpion claws you but does no damage.
Unknown command.
As you read the scroll labelled COYRUIMN MOSA, it crumbles to dust.
It is a scroll of brand weapon.
Your +4 scimitar of flaming emits a brilliant flash of light!
p - a +4 vorpal scimitar (weapon)
* * * LOW HITPOINT WARNING * * *
You feel very sick.
The emperor scorpion stings you but does no damage.
The emperor scorpion claws you.
* * * LOW HITPOINT WARNING * * *
The emperor scorpion claws you but does no damage.
Okay, then.
Your magical effects are unravelling.
You feel magically purged.
You feel less wooden.
The +2 cloak of the Barnacle {rElec rPois Dex+4} unmelds from your body.
Your +2 helmet of see invisible unmelds from your body.
Your +1 pair of gloves of dexterity unmelds from your body.
Your +1 pair of boots unmelds from your body.
Your +1 robe of cold resistance unmelds from your body.
You feel perceptive.
You feel agile.
You feel resistant to cold.
Your resistance to elements expires.
You die...

### ###.##
######<#..#
###..#.#...##
#.#........#
###.......####
. #...@######
.. ##.s## ..
###...# ###.
#.#..## #....
#...## #
#....#..##...#
#(.?...>#
#.†#.^..#
#..##.....#


You could see an emperor scorpion.

Vanquished Creatures
  An ettin (Orc:2)
  A centaur warrior (D:11)
  A boulder beetle (Spider:1)
  4 hydras
  A two-headed ogre (D:10)
  Erica (Lair:1)
  A catoblepas (Lair:3)
  2 demonspawn (Orc:2)
  A satyr (Shoals:2)
  4 orc high priests
  Sonja (D:10)
  2 skeletal warriors (D:12)
  3 sea snakes
  5 orc knights (Orc:2)
  A cyclops (Shoals:1)
  5 harpies (Shoals:1)
  A deep elf pyromancer (D:12)
  7 manticores
  10 orc sorcerers
  2 ugly things
  An oklob plant (Lair:3)
  4 fauns (Shoals:2)
  6 black mambas
  2 merfolk sirens (Shoals:1)
  8 elephants
  2 torpor snails
  Maurice (D:9)
  A water nymph (Shoals:1)
  A gargoyle (D:9)
  11 cane toads
  Maggie (D:6)
  2 kobold demonologists (D:9)
  7 komodo dragons
  2 red devils (Orc:2)
  4 rime drakes
  3 polar bears
  A tyrant leech (Lair:4)
  6 trolls
  3 merfolk (Shoals:1)
  A wind drake (Shoals:1)
  9 blink frogs
  5 snapping turtles (Shoals:1)
  6 dream sheep
  2 jumping spiders (Lair:3)
  3 shadows (D:11)
  A culicivora (Lair:3)
  5 wyverns
  2 water elementals (Shoals:1)
  33 yaks
  A wraith (D:9)
  2 basilisks
  2 redbacks (Lair:3)
  2 vampire mosquitoes (D:11)
  2 wargs
  3 swamp worms (Lair:4)
  11 water moccasins
  27 orc warriors
  4 black bears
  A sky beast (D:7)
  4 ogres
  6 wolves (Lair:3)
  5 centaurs
  4 kobold brigands
  3 phantoms
  6 bullfrogs
  A scorpion (D:6)
  11 wights
  9 killer bees
  A howler monkey (D:11)
  A vampire bat (Lair:2)
  3 jellies
  3 hounds
  26 orc priests
  A gnoll bouda (D:5)
  An iguana (D:5)
  12 orc wizards
  Robin (D:3)
  6 gnolls (D:5)
  7 adders
  3 white imps
  A worm (D:2)
  2 dart slugs
  62 orcs
  5 endoplasms
  A giant cockroach (D:1)
  20 goblins
  8 hobgoblins
  17 kobolds
  5 quokkas
  6 ball pythons
  11 bats
  7 frilled lizards
  7 rats
508 creatures vanquished.

Vanquished Creatures (others)
  35 fungi
  65 plants
100 creatures vanquished.

Grand Total: 608 creatures vanquished

Notes
Turn   | Place    | Note
-------+----------+-------------------------------------------
     0 | D:1      | safid the Merfolk Ice Elementalist began the quest for the
                  | Orb.
     0 | D:1      | Reached XP level 1. HP: 13/13 MP: 3/3
   357 | D:1      | Reached XP level 2. HP: 20/20 MP: 3/5
   437 | D:1      | Reached skill level 1 in Fighting
   541 | D:1      | Found a faded altar of an unknown god.
  1084 | D:2      | Reached XP level 3. HP: 18/26 MP: 0/6
  1314 | D:2      | Found a runed translucent door.
  1315 | D:2      | Noticed Crazy Yiuf
  1461 | D:2      | Learned a level 3 spell: Frozen Ramparts
  1465 | D:2      | Learned a level 3 spell: Ozocubu's Armour
  1664 | D:2      | Reached skill level 5 in Ice Magic
  1851 | D:2      | Reached XP level 4. HP: 33/33 MP: 6/8
  2605 | D:3      | Found Haoptus's Assorted Antiques.
  3011 | D:3      | Noticed Robin
  3022 | D:3      | Killed Robin
  3204 | D:3      | Reached XP level 5. HP: 38/39 MP: 9/9
  3260 | D:4      | Found a staircase to the Ecumenical Temple.
  3271 | Temple   | Entered the Ecumenical Temple
  3271 | Temple   | Found a transporter.
  3271 | Temple   | Found a transporter.
  3273 | Temple   | Found a transporter.
  3273 | Temple   | Found a transporter.
  3289 | Temple   | Became a worshipper of Vehumet
  4137 | D:4      | Identified the +2 cloak of the Barnacle {rElec rPois Dex+4}
  4505 | D:4      | Noticed a black bear
  4517 | D:4      | Killed a black bear
  4518 | D:4      | Reached XP level 6. HP: 42/47 MP: 1/11
  4806 | D:5      | Entered Level 5 of the Dungeon
  5153 | D:5      | Reached skill level 6 in Ice Magic
  5330 | D:5      | Reached * piety under Vehumet
  5330 | D:5      | Offered knowledge of Foxfire by Vehumet.
  5351 | D:5      | Reached XP level 7. HP: 40/54 MP: 4/13
  5683 | D:5      | Reached skill level 5 in Fighting
  5683 | D:5      | Reached skill level 7 in Ice Magic
  5779 | D:5      | Reached skill level 5 in Spellcasting
  5779 | D:5      | Reached XP level 8. HP: 63/63 MP: 10/15
  5997 | D:5      | Found a glowing golden altar of the Shining One.
  6000 | D:5      | Found an iron altar of Okawaru.
  6105 | D:5      | Found a basalt altar of Yredelemnul.
  6636 | D:6      | Noticed Maggie
  6663 | D:6      | Killed Maggie
  7009 | D:7      | Reached skill level 8 in Ice Magic
  7281 | D:7      | Reached XP level 9. HP: 71/71 MP: 11/18
  7421 | D:7      | Offered knowledge of Shock by Vehumet.
  7430 | D:7      | Reached ** piety under Vehumet
  8298 | D:8      | Reached skill level 9 in Ice Magic
  9332 | D:9      | Offered knowledge of Searing Ray by Vehumet.
  9633 | D:9      | Noticed a gargoyle
  9658 | D:9      | Killed a gargoyle
  9659 | D:9      | Reached XP level 10. HP: 26/82 MP: 6/21
  9942 | D:9      | Noticed Maurice
  9983 | D:9      | Noticed a kobold demonologist
  9990 | D:9      | Reached skill level 10 in Ice Magic
  9994 | D:9      | Killed a kobold demonologist
  9994 | D:9      | Noticed a kobold demonologist
 10000 | D:9      | Killed a kobold demonologist
 10408 | D:9      | Reached *** piety under Vehumet
 10741 | D:9      | Killed Maurice
 10956 | D:10     | Entered Level 10 of the Dungeon
 10981 | D:9      | HP: 3/85 [killer bee (3)]
 11364 | D:10     | Noticed a green ugly thing
 11372 | D:9      | Reached skill level 10 in Fighting
 11484 | D:10     | Noticed Sonja
 11486 | D:10     | Noticed a two-headed ogre
 11500 | D:10     | Killed Sonja
 11501 | D:10     | Reached skill level 11 in Ice Magic
 11539 | D:10     | Killed a green ugly thing
 11540 | D:10     | Reached XP level 11. HP: 83/92 MP: 16/24
 11623 | D:10     | Found a staircase to the Lair.
 12123 | D:10     | Killed a two-headed ogre
 12129 | D:10     | Learned a level 4 spell: Hailstorm
 12247 | D:10     | Found a staircase to the Orcish Mines.
 12423 | Lair:1   | Entered Level 1 of the Lair of Beasts
 12460 | Lair:1   | Noticed Erica
 12836 | Lair:1   | Reached skill level 12 in Ice Magic
 12990 | Lair:1   | Killed Erica
 12998 | Lair:1   | Offered knowledge of Mephitic Cloud by Vehumet.
 12999 | Lair:1   | Reached skill level 10 in Spellcasting
 13924 | Lair:1   | Reached XP level 12. HP: 84/102 MP: 22/26
 14182 | Lair:2   | Noticed a four-headed hydra
 14196 | Lair:2   | Killed a four-headed hydra
 14197 | Lair:2   | Reached skill level 13 in Ice Magic
 14415 | Lair:2   | Reached **** piety under Vehumet
 14463 | Lair:2   | Noticed a seven-headed hydra
 14476 | Lair:2   | Killed a seven-headed hydra
 14738 | Lair:2   | Offered knowledge of Olgreb's Toxic Radiance by Vehumet.
 14744 | Lair:2   | Learned a level 4 spell: Olgreb's Toxic Radiance
 14748 | Lair:2   | Learned a level 3 spell: Ignite Poison
 14756 | Lair:2   | Learned a level 7 spell: Ozocubu's Refrigeration
 14956 | Lair:2   | You fall into a shaft and drop 1 floor!
 15014 | Lair:3   | Reached skill level 1 in Transmutations
 15018 | Lair:3   | Reached skill level 1 in Poison Magic
 15130 | Lair:3   | Reached skill level 1 in Fire Magic
 15170 | Lair:3   | Identified the +1 ring mail "Tibilu" {rElec}
 15538 | Lair:2   | Noticed a seven-headed hydra
 15557 | Lair:2   | Killed a seven-headed hydra
 16201 | Lair:2   | Reached skill level 14 in Ice Magic
 16689 | Lair:2   | Found a staircase to the Shoals.
 16837 | Lair:2   | Reached XP level 13. HP: 78/108 MP: 9/28
 17484 | Lair:3   | Found a hole to the Spider Nest.
 17708 | Lair:3   | Reached skill level 5 in Transmutations
 18474 | Lair:3   | Identified a scroll of acquirement
 18475 | Lair:3   | Acquired a book of Ice
 18487 | Lair:3   | Learned a level 9 spell: Polar Vortex
 19601 | Lair:4   | Reached skill level 5 in Poison Magic
 19982 | Lair:4   | Reached ***** piety under Vehumet
 19982 | Lair:4   | Offered knowledge of Iskenderun's Mystic Blast by Vehumet.
 20963 | Lair:5   | Entered Level 5 of the Lair of Beasts
 21191 | Lair:5   | Reached skill level 15 in Ice Magic
 22184 | Orc:1    | Entered Level 1 of the Orcish Mines
 22547 | Orc:2    | Entered Level 2 of the Orcish Mines
 22547 | Orc:2    | Noticed an ettin
 22552 | Orc:2    | Killed an ettin
 22700 | Orc:2    | Found a staircase to the Elven Halls.
 23533 | Orc:2    | Found Ogant's Distillery.
 23538 | Orc:2    | Reached XP level 14. HP: 106/115 MP: 18/30
 23538 | Orc:2    | Found Ynnotres's General Store.
 24222 | Orc:2    | Bought a potion of heal wounds for 60 gold pieces
 24222 | Orc:2    | Bought a potion of heal wounds for 60 gold pieces
 24224 | Orc:2    | Bought a scroll of identify for 24 gold pieces
 24278 | Orc:2    | Reached skill level 16 in Ice Magic
 24502 | Orc:2    | Paralysed by an orc sorcerer for 4 turns
 24999 | Orc:2    | Found Hiathrikk's Jewellery Shop.
 24999 | Orc:2    | Found Gukior's Antique Armour Boutique.
 25000 | Orc:2    | Found a one-way gate leading to the halls of Pandemonium.
 25004 | Orc:2    | Bought a fabulously ornate robe for 176 gold pieces
 25004 | Orc:2    | Identified the +0 robe of True Grit {rElec} (You bought it
                  | in a shop on level 2 of the Orcish Mines)
 25310 | Orc:1    | Noticed an orc warlord
 25361 | Orc:1    | Reached skill level 10 in Poison Magic
 25907 | Orc:2    | Bought a glowing helmet for 232 gold pieces
 25907 | Orc:2    | Bought a pair of glowing gloves for 232 gold pieces
 26105 | Shoals:1 | Entered Level 1 of the Shoals
 26619 | Shoals:1 | Identified the +1 helmet of the Game Afoot {rF+ Stlth+}
 27534 | Shoals:1 | Reached skill level 17 in Ice Magic
 28009 | Shoals:1 | Found the brooch of Shielding {Spirit SH+8}
 29542 | D:11     | Reached XP level 15. HP: 91/120 MP: 3/31
 31089 | Spider:1 | Entered Level 1 of the Spider Nest
 31113 | Spider:1 | Noticed an emperor scorpion
 31143 | Spider:1 | HP: 6/180 [poisoned by an emperor scorpion]
 31144 | Spider:1 | Succumbed to an emperor scorpion's poison

Illustrated notes

Levels and vault maps discovered:
D:1:      lemuel_arrival_behind_the_door_large, layout_basic,
          ebering_ecumenical_altar_webs
D:2:      layout_loops_corners, kennysheep_doodads, uniq_crazy_yiuf_cottage
D:3:      layout_basic, serial_curves, eino_curves_01, eino_curves_03,
          serial_shops, nicolae_shop_advertising_works
          [nicolae_subvault_shop_adworks], uniq_robin
D:4:      kennysheep_the_goblin_king, layout_basic,
          minmay_temple_entry_crystal_x
D:5:      layout_loops_ring, nicolae_overflow_hidden_temple
D:6:      layout_loops_ring, serial_bayou_crossing, uniq_maggie
D:7:      layout_rooms
D:8:      layout_basic, serial_rivers, chequers_serial_rivers_micro_e,
          chequers_serial_rivers_micro_a, chequers_serial_rivers_micro_a,
          chequers_serial_rivers_small_b, chequers_serial_rivers_small_b
D:9:      layout_gridville, hangedman_decor_push, uniq_maurice
D:10:     layout_cave_pools, lair_entry_dummy, orc_david_3, serial_glass,
          glass_columns_a, glass_columns_a, glass_columns_b, glass_columns_b,
          uniq_sonja
D:11:     layout_roguey
D:12:     layout_roguey, nicolae_lava_and_water
Temple:   hellmonk_temple_divided_pantheon
Lair:1:   layout_regular_city, nicolae_lair_lil_pond, grunt_megastairs_2,
          uniq_erica
Lair:2:   layout_chaotic_city, elwin_shoals_entry_rooms, roderic_batcave,
          grunt_megastairs_1
Lair:3:   layout_regular_city, nicolae_spider_entry_tight_spaces,
          serial_bayou_shore_b
Lair:4:   layout_gridlike, serial_forest, infiniplex_forest_straight_3,
          infiniplex_forest_zigzag_1, infiniplex_forest_straight_5,
          infiniplex_forest_end_2, infiniplex_forest_straight_3,
          infiniplex_forest_3_way, infiniplex_forest_end_2,
          infiniplex_forest_lined_room_3, infiniplex_forest_straight_2,
          infiniplex_forest_straight_2, worms_lemuel
Lair:5:   cheibrodos_lair_end_hotspot, layout_gridlike, slime_entry_1,
          uniq_kirke
Shoals:1: layout_shoals
Shoals:2: layout_shoals, uniq_polyphemus
Spider:1: layout_spider_delve, drop_trap
Orc:1:    layout_caves
Orc:2:    pf_orc_diabolical, layout_caves

Skill      XL: |  1  2  3  4  5  6  7  8  9 10 11 12 13 14 15 |
---------------+----------------------------------------------+-----
Fighting       | 1 2 3 4 5 6 8 10 11 12 | 12.0
Ice Magic      | 5 6 7 8 9 11 12 14 15 17 | 17.8
Spellcasting   | 3 4 5 6 7 9 10 11 12 | 12.0
Transmutations | 4 8 |  8.0
Poison Magic   | 3 7 11 12 | 12.0
Fire Magic     | 2 |  2.0
Dodging        | 4 |  4.0
Stealth        | |  2.1

Action                   |  1- 3 |  4- 6 |  7- 9 | 10-12 | 13-15 || total
-------------------------+-------+-------+-------+-------+-------++-------
Melee: Dagger            |    40 |   125 |   331 |   371 |   109 ||   976
       Punch             |       |     1 |     6 |     9 |     6 ||    22
       Scimitar          |       |       |       |       |    89 ||    89
Throw: Dart              |       |       |       |     1 |     6 ||     7
 Cast: Freeze            |    44 |    14 |     9 |    20 |     6 ||    93
       Frozen Ramparts   |       |     9 |    37 |    62 |     9 ||   117
       Ozocubu's Armour  |       |     8 |    27 |    45 |    16 ||    96
       Hailstorm         |       |       |       |     7 |       ||     7
       Ozocubu's Refrige |       |       |       |    13 |   120 ||   133
       Olgreb's Toxic Ra |       |       |       |       |   111 ||   111
       Ignite Poison     |       |       |       |       |    58 ||    58
Evoke: Wand              |       |       |       |       |    10 ||    10
  Use: Scroll            |       |       |    14 |     7 |     9 ||    30
       Potion            |       |       |     3 |     6 |    14 ||    23
 Stab: Sleeping          |     3 |     5 |     1 |       |     1 ||    10
       Distracted        |       |     1 |       |       |       ||     1
Armor: Robe              |    11 |    38 |   151 |   208 |   207 ||   615
       Skin              |       |       |       |       |     8 ||     8
Dodge: Dodged            |    42 |    85 |   244 |   339 |   301 ||  1011
Block: Other             |       |       |       |       |    68 ||    68
